 Seeded DCSS version 0.28.0-53-g5a82cb258f (webtiles) character file.

Game seed: 1973 (custom seed)

1281 Kazon the Covered (level 8, -4/73 HPs)
             Began as a Deep Dwarf Fighter on July 18, 2022.
             Was a Believer of Makhleb.
             Slain by a komodo dragon (20 damage)
             ... on level 7 of the Dungeon.
             The game lasted 00:26:01 (4747 turns).

Kazon the Covered (Deep Dwarf Fighter)              Turns: 4747, Time: 00:26:02

Health: -4/73      AC: 10    Str: 21    XL:     8   Next: 29%
Magic:  11/11      EV:  7    Int: 10    God:    Makhleb [**....]
Gold:   119        SH: 13    Dex: 15    Spells: 7/7 levels left

rFire   . . .      SeeInvis .   e - +2 dagger (vamp)
rCold   . . .      Faith    .   c - +0 tower shield
rNeg    + + .      Spirit   .   b - +0 scale mail
rPois   .          Reflect  .   (no helmet)
rElec   .          Harm     .   (no cloak)
rCorr   .          Rampage  .   y - +1 pair of gloves "Vuso" {Contam +Blink rN++ Dex+3}
Will    +....                   L - +0 pair of boots
Stlth   +.........              p - amulet of magic regeneration
HPRegen 0.00/turn               (no ring)
MPRegen 0.52/turn               (no ring)

@: no status effects
A: damage resistance, heal wounds, sense surroundings 1, no regeneration
a: Heal Wounds, Renounce Religion, Evoke Blink, Minor Destruction


You were on level 7 of the Dungeon.
You worshipped Makhleb.
Makhleb was pleased with you.
You visited 2 branches of the dungeon, and saw 8 of its levels.

You collected 311 gold pieces.
You spent 192 gold pieces at shops.

Inventory:

Hand Weapons
 a - a +0 war axe of flaming
 e - a +2 vampiric dagger (weapon)
 n - a +0 short sword of venom
Missiles
 f - 180 stones
 k - 7 poisoned darts (quivered)
Armour
 b - a +0 scale mail (worn)
 c - a +0 tower shield (worn)
 y - the +1 pair of gloves "Vuso" (worn) {Contam +Blink rN++ Dex+3}
   (You acquired it on level 6 of the Dungeon)

   Dex:       It affects your dexterity (+3).
   rN:        It greatly protects you from negative energy.
   +Blink:    It lets you blink.
   Contam:    It causes magical contamination when unequipped.
 F - a +0 leather armour of fire resistance
 I - an orb of wrath
 L - a +0 pair of boots (worn)
Jewellery
 m - an amulet of faith
 p - an amulet of magic regeneration (around neck)
 t - a ring of fire
Wands
 v - a wand of flame (21)
Scrolls
 h - 3 scrolls of teleportation {unknown}
 i - a scroll of identify
 l - a scroll of noise {unknown}
 q - a scroll of magic mapping {unknown}
 s - a scroll of amnesia {unknown}
 u - a scroll of enchant weapon {unknown}
 w - 2 scrolls of fog {unknown}
 E - 2 scrolls of immolation {unknown}
Potions
 d - 4 potions of might
 g - a potion of ambrosia
 j - 2 potions of berserk rage
 o - 5 potions of curing
 r - 2 potions of flight
 x - a potion of resistance
 z - 2 potions of attraction {unknown}
 A - a potion of mutation
 B - a potion of lignification
 C - 3 potions of heal wounds
 D - a potion of cancellation
 G - a potion of brilliance {unknown}
 K - 2 potions of invisibility {unknown}


   Skills:
 * Level 4.3 Fighting
 + Level 3.5 Short Blades
 + Level 2.9 Axes
 + Level 2.3 Throwing
 + Level 5.4 Armour
 + Level 2.5 Dodging
 + Level 3.3 Stealth
 + Level 4.0 Shields
 * Level 4.0 Invocations
 * Level 3.9 Evocations


You had 7 spell levels left.
You didn't know any spells.
Your spell library contained the following spells:

 Spells                   Type           Power      Damage    Failure   Level
 Sting                    Tmut/Pois      0%         1d3       100%        1
 Ensorcelled Hibernation  Hex/Ice        0%         N/A       100%        2
 Poisonous Vapours        Pois/Air       0%         N/A       100%        2
 Sublimation of Blood     Necr           0%         N/A       100%        2
 Portal Projectile        Hex/Tloc       0%         N/A       100%        3
 Spider Form              Tmut/Pois      0%         N/A       100%        3
 Anguish                  Hex/Necr       0%         N/A       100%        4
 Hailstorm                Conj/Ice       0%         3d3       100%        4
 Ice Form                 Ice/Tmut       0%         N/A       100%        4
 Olgreb's Toxic Radiance  Pois           0%         N/A       100%        4
 Petrify                  Tmut/Erth      0%         N/A       100%        4
 Blade Hands              Tmut           0%         N/A       100%        5
 Excruciating Wounds      Necr           0%         N/A       100%        5
 Irradiate                Conj/Tmut      0%         3d13      100%        5
 Summon Forest            Summ/Tloc      0%         N/A       100%        5
 Eringya's Noxious Bog    Tmut/Pois      0%         N/A       100%        6
 Simulacrum               Ice/Necr       0%         N/A       100%        6
 Summon Hydra             Summ           0%         N/A       100%        7


Dungeon Overview and Level Annotations

Branches:
Dungeon (7/15)             Temple (1/1) D:4

Altars:
Cheibriados
Elyvilon
Fedhas
Kikubaaqudgha
Makhleb
Nemelex Xobeh
Sif Muna
Trog
Uskayaw
Xom

Shops:
D:6 !


Innate Abilities, Weirdness & Mutations

You are resistant to damage.
You can heal yourself by infusing magical energy.
You passively map a small area around you.
You do not regenerate.


Message History

The black bear claws you but does no damage.
You block the black bear's attack. The black bear claws you.
The black bear closely misses you.
You hit the black bear.
You feel better.
The black bear is almost dead.
The black bear bites you but does no damage.
The black bear claws you. The black bear completely misses you.
The black bear bites you! You block the black bear's attack. x2
You hit the black bear.
You feel better.
The black bear is almost dead.
You block the black bear's attack. The black bear barely misses you.
The black bear claws you but does no damage.
The black bear bites you but does no damage.
The black bear claws you but does no damage.
You block the black bear's attack.
You hit the black bear.
You kill the black bear!
Makhleb accepts your kill.
Your Invocations skill increases to level 4!
You see here a black bear corpse.
f - 174 stones (gained 1)
Found a potion of curing.
Found a stone staircase leading down.
f - 179 stones (gained 5)
f - 180 stones (gained 1)
Found a mace.
o - 5 potions of curing (gained 1) Unknown command.
Found a flail.
Found a stone staircase leading down.
A komodo dragon comes into view.
Throw: 8 darts (poison)
Press: ? - help, Q - select action, (/) - cycle Shift-Dir - straight line, f - komodo dragon
Aim: a komodo dragon (69% to hit)
You throw a poisoned dart.
The poisoned dart closely misses the komodo dragon.
Unknown command.
You hit the komodo dragon but do no damage.
The komodo dragon bites you!!
* * * LOW HITPOINT WARNING * * *
You closely miss the komodo dragon. The komodo dragon bites you!!
You die...

, *, ,#...... *
*,#.####.## #.*
#........ * ##.
########.#......#.
* .. ...(....
#.######.
##.##.....# #, #.
.......)>+ #. , ,
#.#l....# * ** #.
#..@....# #. ,
##......# #. ,,
*#.####.# #.
#####..###.# #. *
* #...........###
#. #.#####..##...#
#[ * , ##.##...#
#. , ,
###+##...#### #. ,
#...........# #.


You could see a komodo dragon.

Vanquished Creatures
  A water moccasin (D:4)
  A black bear (D:7)
  3 ogres
  A necrophage (D:5)
  A bullfrog (D:6)
  2 scorpions
  A bullfrog zombie (D:6)
  2 centaur zombies (D:5)
  2 hounds
  A jelly (D:6)
  A bullfrog skeleton (D:6)
  An iron imp (D:3)
  Jessica (D:2)
  2 iguanas
  A hound skeleton (D:4)
  4 gnolls (D:2)
  A howler monkey skeleton (D:4)
  6 adders
  A white imp (D:5)
  An ufetubus (D:4)
  A worm (D:2)
  A dart slug (D:3)
  3 orcs (D:3)
  13 ball pythons
  5 endoplasms
  6 giant cockroaches
  9 goblins
  9 hobgoblins
  9 jackals (D:1)
  11 kobolds
  6 quokkas
  2 bats
  6 frilled lizards
  6 rats
121 creatures vanquished.

Notes
Turn   | Place    | Note
-------+----------+-------------------------------------------
     0 | D:1      | Kazon the Deep Dwarf Fighter began the quest for the Orb.
     0 | D:1      | Reached XP level 1. HP: 20/20 MP: 1/1
   240 | D:1      | Reached XP level 2. HP: 27/27 MP: 2/2
   515 | D:1      | Reached XP level 3. HP: 30/34 MP: 3/3
   527 | D:1      | Reached skill level 1 in Short Blades
  1008 | D:2      | Found a faded altar of an unknown god.
  1174 | D:2      | Noticed Jessica
  1181 | D:2      | Reached XP level 4. HP: 42/42 MP: 4/4
  1189 | D:2      | Killed Jessica
  1190 | D:2      | Reached skill level 4 in Armour
  1191 | D:2      | You fall into a shaft and drop 2 floors!
  1200 | D:4      | Reached skill level 1 in Throwing
  1259 | D:4      | Found a hide-covered altar of Uskayaw.
  1296 | D:4      | Found a staircase to the Ecumenical Temple.
  1298 | D:4      | Noticed a scorpion
  1307 | D:4      | Killed a scorpion
  1308 | D:4      | Reached skill level 1 in Dodging
  1308 | D:4      | Reached XP level 5. HP: 48/49 MP: 5/5
  1333 | Temple   | Entered the Ecumenical Temple
  1358 | Temple   | Became a worshipper of Makhleb the Destroyer
  1494 | D:3      | Noticed a phantom
  1650 | D:2      | Reached skill level 1 in Invocations
  1960 | D:3      | Found a bloodstained altar of Trog.
  2077 | D:3      | Found a snail-covered altar of Cheibriados.
  2092 | D:3      | Reached XP level 6. HP: 50/56 MP: 7/7
  2178 | D:3      | Reached * piety under Makhleb
  2508 | D:3      | Found a sparkling altar of Nemelex Xobeh.
  2992 | D:4      | Reached skill level 1 in Stealth
  3127 | D:4      | Noticed a water moccasin
  3142 | D:4      | Killed a water moccasin
  3143 | D:4      | Reached skill level 1 in Evocations
  3143 | D:4      | Reached XP level 7. HP: 49/63 MP: 8/8
  3283 | D:5      | Entered Level 5 of the Dungeon
  3643 | D:5      | Reached skill level 5 in Armour
  4151 | D:6      | Reached XP level 8. HP: 36/72 MP: 10/10
  4354 | D:6      | Reached ** piety under Makhleb
  4383 | D:6      | Identified a scroll of acquirement
  4383 | D:6      | Acquired the +1 pair of gloves "Vuso" {Contam +Blink rN++
                  | Dex+3}
  4499 | D:6      | Found Vaffell's Distillery.
  4522 | D:6      | Bought a potion of heal wounds for 60 gold pieces
  4522 | D:6      | Bought a potion of mutation for 96 gold pieces
  4522 | D:6      | Bought a potion of lignification for 36 gold pieces
  4568 | D:6      | Found a shimmering altar of Xom.
  4742 | D:7      | Noticed a komodo dragon
  4747 | D:7      | Slain by a komodo dragon

Illustrated notes

Levels and vault maps discovered:
D:1:      scummos_arrival_simple_crosswalls, layout_basic, minmay_tripent
D:2:      layout_basic, shapermc_ecumenical_altar_totnotflames, uniq_jessica
D:3:      minmay_skewed_foursquare, layout_basic, slow_altar_1,
          nemelex_diamond_rough_becter, mainiacjoe_overflow_surrounded_room
D:4:      layout_basic, nicolae_uskayaw_murder_on_the_dancefloor,
          minmay_temple_entry_mist, hex_tiny, hangedman_decor_diamond_cutter,
          minmay_misc_feat_tiny
D:5:      layout_basic
D:6:      layout_cave_pools, tgw_xom, serial_shops, shop, minmay_misc_feat_rows
D:7:      layout_basic
Temple:   cyrus_temple_forest

Skill      XL: |  1  2  3  4  5  6  7  8 |
---------------+-------------------------+-----
Fighting       | 3 4 |  4.3
Short Blades   | 1 2 3 |  3.5
Armour         | 4 5 |  5.4
Throwing       | 1 2 |  2.3
Dodging        | 1 2 |  2.5
Invocations    | 1 2 3 4 |  4.0
Stealth        | 1 2 3 |  3.3
Evocations     | 1 3 |  3.9
Shields        | 4 |  4.0
Axes           | |  2.9

Action                   |  1- 3 |  4- 6 |  7- 9 || total
-------------------------+-------+-------+-------++-------
Melee: Dagger            |   200 |   242 |   211 ||   653
       War axe           |     7 |       |    20 ||    27
       Short sword       |       |       |     3 ||     3
Throw: Stone             |    32 |    27 |    16 ||    75
       Dart              |       |    15 |     8 ||    23
 Abil: Heal Wounds       |       |     1 |     7 ||     8
  Use: Scroll            |       |     4 |     8 ||    12
Armor: Scale mail        |    73 |    86 |   107 ||   266
Dodge: Dodged            |    74 |    98 |    88 ||   260
Block: Buckler           |    40 |    45 |    30 ||   115
       Tower shield      |       |       |    30 ||    30
